Map: Blackpink LE

Players

Harstem

  • Race: Protoss Protoss
  • League: Master
  • Spawn Location: 1:00

Guru - Winner!

  • Race: Zerg Zerg
  • League: Grandmaster
  • Spawn Location: 7:00

Event: HomeStory Cup XVI

VOD

Have the link to the VOD?

Description

Time

  • Played on: Nov. 11, 2017, 4:48 p.m.
  • Length: 29:06

All games in this series

Show
View Real Time Build Order
Export as new Build Order

Harstem Protoss 

Build Orders: 1 Gate Expand, Oracle Opening, Phoenix Opening, Carriers, Zealot Archon 

Get SALT Encoding   

  1  0:00  Probe (Chrono Boost)  
  12  0:05  Probe (Chrono Boost)  
  14  0:18  Pylon  
  14  0:23  Probe (Chrono Boost)  
  15  0:38  Probe (Chrono Boost)  
  15  0:42  Gateway  
  17  0:50  Assimilator, Probe (Chrono Boost)  
  17  0:58  Probe (Chrono Boost)  
  18  1:04  Probe (Chrono Boost)  
  19  1:17  Probe (Chrono Boost)  
  20  1:24  Nexus  
  20  1:33  Cybernetics Core  
  20  1:38  Probe (Chrono Boost)  
  21  1:44  Assimilator  
  21  1:50  Probe (Chrono Boost)  
  21  1:51  Pylon  
  22  2:00  Adept  
  23  2:02  Probe (Chrono Boost)  
  23  2:14  Probe (Chrono Boost)  
  26  2:21  Adept  
  26  2:24  Stargate  
  26  2:26  Probe (Chrono Boost)  
  31  2:37  Warp Gate  
  31  2:38  Probe x2 (Chrono Boost)  
  31  2:47  Stalker  
  31  2:50  Probe (Chrono Boost)  
  34  2:54  Probe (Chrono Boost)  
  35  3:02  Oracle, Probe (Chrono Boost)  
  37  3:06  Probe (Chrono Boost)  
  37  3:08  Gateway  
  37  3:14  Probe (Chrono Boost)  
  37  3:18  Probe (Chrono Boost)  
  42  3:26  Probe (Chrono Boost)  
  43  3:30  Probe (Chrono Boost)  
  43  3:33  Adept  
  42  3:35  Pylon  
  42  3:38  Phoenix, Probe (Chrono Boost)  
  45  3:41  Shield Battery  
  45  3:44  Probe (Chrono Boost)  
  46  3:51  Probe (Chrono Boost)  
  46  3:52  Shield Battery  
  46  3:53  Gateway  
  48  3:57  Probe x2 (Chrono Boost)  
  48  4:00  Assimilator  
  49  4:04  Assimilator  
  49  4:09  Probe x2 (Chrono Boost)  
  53  4:20  Probe (Chrono Boost)  
  53  4:21  Probe (Chrono Boost)  
  54  4:26  Probe (Chrono Boost)  
  52  4:33  Probe (Chrono Boost)  
  52  4:35  Probe (Chrono Boost)  
  54  4:41  Robotics Facility  
  52  4:45  Probe (Chrono Boost)  
  52  4:47  Probe (Chrono Boost), Pylon  
  52  4:48  Pylon  
  53  4:58  Probe (Chrono Boost)  
  54  5:04  Pylon  
  55  5:07  Probe (Chrono Boost)  
  55  5:08  Nexus  
  55  5:09  Pylon  
  55  5:13  Probe (Chrono Boost)  
  56  5:19  Probe (Chrono Boost)  
  57  5:23  Forge, Twilight Council  
  57  5:24  Pylon  
  57  5:26  Probe (Chrono Boost)  
  58  5:31  Zealot, Probe (Chrono Boost), Sentry  
  58  5:33  Zealot  
  65  5:38  Probe (Chrono Boost)  
  65  5:40  Pylon  
  66  5:44  Shield Battery  
  66  5:47  Warp Prism  
  68  5:53  Adept  
  68  5:54  Sentry x2  
  72  5:57  Probe (Chrono Boost)  
  72  5:59  Protoss Ground Weapons Level 1  
  73  6:04  Charge  
  73  6:11  Templar Archives  
  72  6:16  Probe (Chrono Boost)  
  74  6:18  Probe (Chrono Boost)  
  74  6:20  Gateway, Adept, Pylon  
  74  6:23  Probe (Chrono Boost)  
  76  6:28  Probe (Chrono Boost)  
  76  6:31  Zealot x2  
  83  6:33  Probe (Chrono Boost)  
  83  6:39  Probe (Chrono Boost)  
  84  6:42  Probe (Chrono Boost)  
  84  6:44  Warp Prism  
  84  6:45  Probe (Chrono Boost)  
  86  6:47  Pylon  
  86  6:49  Gateway  
  86  6:51  Gateway, Probe (Chrono Boost)  
  87  6:58  Probe (Chrono Boost)  
  90  7:06  Probe (Chrono Boost), Pylon  
  91  7:10  Gateway  
  91  7:12  Probe (Chrono Boost)  
  91  7:13  Gateway, Assimilator  
  91  7:15  High Templar x3  
  94  7:17  High Templar  
  94  7:19  Assimilator  
  94  7:20  Archon  
  94  7:21  Archon  
  100  7:25  Probe x2 (Chrono Boost)  
  100  7:26  Probe (Chrono Boost)  
  103  7:37  Probe (Chrono Boost)  
  103  7:38  Pylon  
  103  7:40  Probe (Chrono Boost)  
  103  7:41  Probe (Chrono Boost), Psionic Storm  
  103  7:42  Gateway, Protoss Ground Weapons Level 2  
  105  7:45  Zealot  
  105  7:47  Pylon  
  105  7:49  Zealot x3  
  105  7:50  Zealot  
  109  8:02  Probe (Chrono Boost)  
  109  8:04  Probe (Chrono Boost)  
  107  8:06  High Templar x2, Shield Battery  
  107  8:09  Photon Cannon  
  107  8:11  High Templar x3, Pylon  
  107  8:12  Shield Battery  
  117  8:25  Zealot x3  
  117  8:26  Probe (Chrono Boost)  
  124  8:36  Probe (Chrono Boost)  
  124  8:40  Pylon  
  125  8:47  Nexus  
  122  8:48  Probe (Chrono Boost)  
  122  8:49  Pylon  
  120  8:58  High Templar x3  
  120  8:59  High Templar x2, Zealot x3  
  120  9:02  Pylon  
  136  9:06  Pylon  
  138  9:10  Probe x2 (Chrono Boost)  
  138  9:11  Photon Cannon  
  138  9:12  Photon Cannon  
  138  9:14  Photon Cannon  
  138  9:15  Assimilator, Probe (Chrono Boost)  
  138  9:16  Pylon  
  139  9:17  Immortal, Archon  
  139  9:18  Archon  
  139  9:19  Assimilator  
  139  9:23  Zealot x3  
  143  9:48  Probe (Chrono Boost)  
  143  9:51  Fleet Beacon  
  142  9:55  Shield Battery x2  
  142  9:56  Immortal, Pylon  
  142  9:57  Shield Battery x2, Stargate  
  146  10:03  High Templar  
  146  10:04  High Templar, Protoss Ground Weapons Level 3, Zealot x3  
  156  10:09  Zealot x3, Archon  
  156  10:11  Protoss Air Weapons Level 1  
  160  10:23  Zealot  
  160  10:24  Zealot x2  
  160  10:25  Zealot  
  168  10:37  Zealot x5  
  176  10:44  Carrier  
  176  10:46  Photon Cannon  
  170  10:52  Stalker  
  170  10:56  Graviton Catapult  
  174  11:03  Zealot x5  
  172  11:12  Zealot  
  172  11:13  Zealot x2  
  161  11:33  Warp Prism  
  152  11:40  Probe (Chrono Boost)  
  152  11:41  Zealot x3  
  152  11:42  Zealot x6, Probe x2 (Chrono Boost)  
  152  11:44  Dark Shrine  
  168  11:57  Carrier  
  136  12:09  Observer  
  136  12:13  Zealot x7  
  136  12:14  Zealot x2  
  139  12:18  Carrier  
  138  12:23  Immortal  
  128  12:35  High Templar x5  
  128  12:36  High Templar  
  138  12:37  High Templar x2  
  138  12:38  Zealot  
  138  12:39  Archon  
  138  12:40  Archon  
  138  12:41  Archon  
  138  12:42  Protoss Air Weapons Level 2  
  138  12:43  Archon  
  144  12:54  Immortal  
  148  13:06  Nexus  
  148  13:12  Carrier  
  148  13:14  High Templar x2  
  148  13:15  High Templar x3  
  164  13:30  Observer  
  165  13:35  Probe x2 (Chrono Boost)  
  165  13:38  Carrier, Dark Templar  
  165  13:39  Dark Templar  
  168  13:41  Zealot x2  
  164  13:48  Zealot x2  
  158  13:56  Nexus  
  161  14:15  High Templar  
  161  14:21  Mothership (Chrono Boost)  
  161  14:22  Carrier  
  159  14:29  Shield Battery  
  159  14:33  Pylon  
  161  14:45  High Templar x2  
  168  14:46  Zealot x2  
  168  14:47  Zealot x4  
  170  15:08  Zealot x6  
  170  15:13  Zealot  
  164  15:21  Zealot  
  164  15:25  Archon  
  164  15:26  Zealot  
  152  15:33  Probe (Chrono Boost)  
  152  15:34  Probe x2 (Chrono Boost)  
  149  15:42  High Templar x3  
  149  15:43  High Templar x2  
  149  15:45  Probe (Chrono Boost)  
  149  15:46  Probe x2 (Chrono Boost)  
  156  15:54  High Templar, Assimilator  
  159  15:57  Probe (Chrono Boost)  
  159  16:03  Observer  
  146  16:08  High Templar x3  
  148  16:19  Photon Cannon  
  148  16:21  Zealot  
  148  16:23  Zealot x2  
  154  16:29  High Templar x3  
  160  16:49  Zealot x3  
  164  16:56  Stalker x3  
  168  17:12  Warp Prism  
  168  17:21  High Templar x3  
  168  17:22  Oracle  
  164  17:28  Zealot x2  
  165  17:40  Nexus  
  165  17:46  Zealot x2  
  165  17:47  Zealot  
  165  17:50  High Templar x3  
  177  17:54  Pylon  
  175  18:09  Zealot x5  
  179  18:25  Archon  
  179  18:26  Zealot x4  
  181  18:27  Oracle  
  180  18:36  Oracle  
  180  18:38  High Templar  
  180  18:39  High Templar x3  
  189  18:55  Dark Templar x2  
  181  19:33  Zealot x6  
  181  19:34  Zealot  
  177  19:47  Zealot x2  
  171  20:11  High Templar x3  
  171  20:12  High Templar  
  177  20:28  Archon x2  
  177  20:29  Zealot, Nexus, Dark Templar x2  
  183  20:46  High Templar x2  
  183  20:47  High Templar x2  
  189  21:10  Robotics Bay  
  183  21:23  Zealot  
  183  21:24  Zealot x6  
  197  21:43  Warp Prism  
  195  21:49  Gravitic Drive  
  195  21:53  Nexus  
  195  22:14  Observer  
  195  22:20  Warp Prism  
  198  22:51  Pylon  
  198  22:52  Assimilator  
  198  22:55  Warp Prism, Assimilator x2  
  198  22:58  Pylon  
  200  23:00  Assimilator  
  198  23:15  Carrier  
  182  23:24  Carrier  
  179  23:31  Warp Prism  
  181  23:36  Stargate  
  181  23:38  Photon Cannon, High Templar, Shield Battery  
  181  23:40  Photon Cannon  
  181  23:41  Photon Cannon, Probe x2 (Chrono Boost)  
  185  23:42  Photon Cannon  
  185  24:00  Shield Battery  
  185  24:02  Carrier, Pylon  
  185  24:07  Zealot x5  
  181  24:37  Observer  
  181  24:43  Photon Cannon  
  181  24:47  Photon Cannon  
  178  24:53  Zealot  
  178  24:54  Zealot x3  
  186  25:02  Carrier  
  192  25:11  Nexus  
  192  25:18  Carrier  
  189  25:31  Zealot x5  
  197  25:42  Carrier  
  197  25:45  Warp Prism  
  197  25:56  Protoss Air Weapons Level 3  
  193  26:10  Nexus  
  197  26:14  Observer  
  198  26:36  Observer  
  194  26:56  Oracle x2  
  197  27:03  Assimilator  
  197  27:06  Oracle  
  197  27:07  Observer  
  195  27:47  Dark Templar  
  195  27:48  Dark Templar  
Show
View Real Time Build Order
Export as new Build Order

Guru Zerg - Winner!

Build Orders: Hatch First 

Get SALT Encoding   

  12  0:01  Drone  
  13  0:12  Overlord  
  13  0:18  Drone  
  14  0:31  Drone x2  
  14  0:35  Drone  
  17  0:52  Hatchery  
  17  0:54  Drone  
  17  1:08  Spawning Pool  
  17  1:11  Extractor  
  15  1:13  Drone  
  15  1:16  Drone  
  17  1:20  Drone  
  18  1:28  Drone  
  19  1:41  Overlord  
  19  1:55  Queen  
  19  1:56  Zergling x2  
  22  2:04  Queen  
  22  2:05  Drone x2  
  26  2:10  Metabolic Boost  
  26  2:12  Drone  
  27  2:17  Drone  
  28  2:25  Drone  
  28  2:26  Drone  
  30  2:37  Hatchery  
  30  2:43  Zergling x4  
  31  2:48  Overlord  
  31  2:51  Zergling x2  
  31  2:53  Zergling x2  
  32  3:04  Evolution Chamber, Overlord  
  31  3:11  Drone  
  31  3:12  Drone  
  29  3:30  Drone x2  
  29  3:31  Drone x5  
  34  3:37  Drone  
  34  3:38  Drone x2  
  34  3:40  Spore Crawler  
  36  3:42  Spore Crawler  
  36  3:43  Drone  
  36  3:46  Drone  
  37  3:49  Drone  
  37  3:50  Drone  
  37  3:52  Drone  
  40  4:01  Queen  
  42  4:03  Drone  
  42  4:04  Drone  
  42  4:05  Drone  
  42  4:08  Drone  
  42  4:09  Zergling x4  
  48  4:11  Zergling x2  
  49  4:17  Drone x2  
  49  4:20  Drone x2  
  53  4:25  Drone x3  
  53  4:26  Zergling x2  
  53  4:27  Zergling x2  
  54  4:34  Drone  
  54  4:36  Roach Warren  
  54  4:37  Zerg Missile Weapons Level 1  
  54  4:41  Overlord  
  54  4:43  Overlord  
  54  4:46  Overlord  
  54  4:51  Spore Crawler  
  53  4:53  Overlord  
  53  4:55  Overlord  
  53  4:58  Overlord  
  53  5:02  Drone x2  
  53  5:03  Drone x3  
  53  5:05  Zergling x2  
  53  5:06  Zergling x2  
  59  5:07  Zergling x2  
  59  5:13  Zergling x4  
  59  5:14  Zergling x6  
  62  5:18  Zergling x6  
  65  5:23  Zergling x2  
  65  5:24  Queen  
  65  5:26  Zergling x2  
  69  5:30  Zergling x8  
  69  5:35  Overlord  
  73  5:36  Lair  
  73  5:38  Overlord  
  72  5:45  Overlord  
  72  5:46  Drone  
  72  5:49  Drone x2  
  74  6:03  Drone x5  
  75  6:05  Drone x4  
  75  6:06  Drone  
  75  6:07  Extractor x2, Drone x2  
  75  6:09  Extractor x2  
  78  6:12  Drone  
  78  6:14  Drone  
  80  6:19  Drone x2  
  80  6:21  Drone x2  
  80  6:23  Drone  
  84  6:28  Overlord  
  84  6:31  Overlord  
  84  6:38  Hydralisk Den, Hatchery  
  81  6:40  Drone  
  81  6:41  Zerg Missile Weapons Level 2  
  81  6:42  Extractor  
  81  6:45  Drone  
  81  6:46  Drone  
  83  6:48  Overlord  
  83  6:51  Drone x2  
  83  6:53  Drone  
  86  7:09  Hydralisk x2  
  86  7:10  Hydralisk  
  86  7:11  Muscular Augments  
  86  7:12  Hydralisk  
  86  7:13  Hydralisk x2  
  86  7:15  Drone x3  
  99  7:16  Drone x6  
  99  7:18  Hatchery  
  99  7:20  Hydralisk  
  108  7:27  Overlord  
  108  7:28  Hydralisk x4  
  116  7:31  Overlord  
  116  7:34  Hydralisk  
  116  7:35  Hydralisk  
  116  7:36  Extractor  
  116  7:37  Extractor  
  117  7:54  Hydralisk x4  
  121  8:01  Drone  
  121  8:04  Drone x3  
  121  8:05  Drone x3  
  128  8:06  Hydralisk  
  128  8:07  Hydralisk  
  128  8:09  Drone x2  
  128  8:11  Drone x2  
  128  8:12  Spine Crawler x2, Drone  
  135  8:13  Hydralisk x2, Spire  
  135  8:18  Hydralisk  
  135  8:24  Hydralisk x2  
  135  8:26  Drone x2  
  141  8:37  Hydralisk x2  
  141  8:40  Hydralisk x2  
  146  8:49  Drone  
  146  8:50  Drone x2  
  141  8:55  Hatchery  
  141  8:57  Drone x3  
  141  8:58  Drone x3  
  145  9:06  Zerg Ground Armor Level 1  
  145  9:10  Zergling x16  
  145  9:12  Infestation Pit  
  152  9:18  Zergling x12  
  152  9:20  Zergling x2  
  159  9:24  Corruptor  
  161  9:31  Corruptor x2  
  165  9:39  Zerg Flyer Weapons Level 1  
  164  9:51  Overlord  
  164  9:54  Zergling x4  
  164  9:55  Overlord x3  
  164  9:57  Overlord  
  166  10:01  Overlord  
  166  10:03  Overlord  
  166  10:06  Overlord x2  
  166  10:09  Overlord  
  166  10:11  Corruptor x5  
  166  10:12  Corruptor x2  
  166  10:13  Overlord x2  
  179  10:15  Zergling x4  
  179  10:16  Zergling x2  
  179  10:18  Hive, Zergling x2  
  178  10:23  Drone  
  178  10:25  Baneling Nest  
  178  10:27  Drone  
  178  10:28  Hydralisk  
  178  10:30  Lurker Den  
  178  10:31  Hydralisk x3  
  185  10:36  Zergling x10  
  185  10:37  Zergling x12  
  191  11:06  Zergling x2  
  191  11:07  Zergling x16  
  199  11:11  Zergling x2  
  199  11:13  Zergling x2, Hatchery  
  199  11:14  Pathogen Glands  
  190  11:28  Hydralisk x8  
  190  11:29  Hydralisk  
  191  11:33  Zerg Flyer Armor Level 1  
  180  11:48  Drone  
  180  11:49  Drone x2  
  180  11:51  Zergling x10  
  180  11:52  Zergling x12  
  190  12:00  Hydralisk x2  
  187  12:02  Hydralisk x2  
  187  12:03  Hydralisk  
  174  12:13  Hydralisk x3  
  174  12:14  Hydralisk  
  174  12:15  Hydralisk  
  164  12:28  Hydralisk x4  
  170  12:30  Queen x2  
  170  12:31  Hydralisk x2  
  178  12:38  Hydralisk  
  178  12:39  Hydralisk  
  178  12:40  Hydralisk  
  178  12:41  Hydralisk x3  
  178  12:42  Hydralisk  
  192  12:46  Hydralisk x3  
  192  12:47  Zergling x4  
  193  12:56  Hydralisk x3  
  193  12:57  Hydralisk x2  
  199  12:59  Zergling x2  
  196  13:09  Hydralisk  
  196  13:10  Hydralisk x2  
  194  13:27  Zerg Flyer Weapons Level 2  
  194  13:33  Evolution Chamber, Zergling x6  
  196  13:36  Corruptor x2  
  199  13:44  Corruptor x2  
  199  13:46  Infestor x5  
  183  13:52  Infestor x3  
  183  13:54  Infestor x2  
  189  13:56  Zergling x6  
  189  13:57  Zergling x8  
  189  13:58  Overseer  
  189  13:59  Spore Crawler, Hydralisk x2  
  195  14:03  Spore Crawler  
  195  14:05  Drone x2  
  195  14:06  Spine Crawler x2  
  192  14:10  Spore Crawler  
  192  14:15  Drone x3  
  192  14:16  Drone  
  190  14:20  Drone x4  
  191  14:27  Infestor x2  
  191  14:29  Hydralisk x2  
  194  14:39  Zerg Missile Weapons Level 3  
  194  14:43  Spine Crawler x2  
  181  15:06  Hydralisk  
  181  15:07  Hydralisk x4  
  157  15:12  Hydralisk x2  
  171  15:15  Zergling x20  
  171  15:16  Zergling x2  
  171  15:19  Hydralisk  
  170  15:22  Hydralisk  
  170  15:25  Hydralisk  
  140  15:35  Infestor x2  
  140  15:36  Burrow  
  138  15:46  Infestor x3  
  144  15:54  Hydralisk x3  
  150  16:05  Hydralisk x3  
  150  16:08  Hydralisk x2  
  156  16:14  Hydralisk x2  
  158  16:24  Infestor x2  
  162  16:27  Baneling x3  
  162  16:28  Baneling x2  
  162  16:29  Baneling  
  162  16:30  Baneling x2  
  162  16:31  Hydralisk x4  
  162  16:32  Hydralisk  
  172  16:40  Overlord  
  172  16:41  Hydralisk x2  
  172  16:44  Hydralisk  
  172  16:45  Hydralisk x2  
  182  16:49  Zergling x6  
  182  16:51  Hydralisk  
  185  16:56  Hydralisk x2  
  179  17:16  Zerg Ground Armor Level 2  
  179  17:22  Hydralisk x2  
  161  17:23  Hydralisk x7  
  161  17:24  Drone  
  161  17:28  Drone x2  
  161  17:29  Drone  
  180  17:30  Drone  
  180  17:44  Overseer  
  180  17:45  Overseer x4  
  180  17:46  Hydralisk x3  
  180  17:48  Hydralisk  
  180  17:50  Zergling x6  
  191  18:02  Hydralisk x2  
  191  18:03  Hydralisk x2  
  193  18:21  Hydralisk x3  
  197  18:27  Hydralisk x3  
  197  18:32  Hydralisk  
  195  18:34  Zergling x2  
  195  18:35  Zergling x6  
  195  18:39  Drone x2  
  189  18:53  Hydralisk  
  191  18:57  Hydralisk x4  
  199  19:09  Spore Crawler  
  195  19:10  Spore Crawler x2  
  195  19:12  Spore Crawler  
  195  19:14  Spore Crawler, Hydralisk x2  
  195  19:15  Hydralisk x2  
  195  19:16  Drone  
  195  19:17  Drone  
  194  19:21  Drone  
  190  19:27  Drone  
  190  19:28  Drone  
  190  19:29  Overseer  
  181  19:35  Drone x6  
  181  19:36  Drone x4  
  179  19:41  Drone x3  
  176  19:51  Drone x4  
  171  20:04  Infestor x2  
  175  20:11  Extractor  
  174  20:19  Infestor x2  
  178  20:24  Infestor x17  
  169  20:31  Infestor x13  
  169  20:36  Infestor  
  169  20:37  Infestor x3  
  169  20:41  Infestor  
  179  20:45  Infestor x4  
  179  20:46  Infestor x13  
  173  20:56  Spore Crawler  
  166  21:03  Infestor x17  
  164  21:11  Infestor x3  
  170  21:20  Hatchery  
  169  21:35  Infestor x3  
  175  21:54  Drone x3  
  177  21:56  Spine Crawler  
  177  22:03  Infestor x28  
  177  22:15  Spore Crawler, Hydralisk x19  
  177  22:16  Hydralisk x9  
  177  22:20  Hydralisk x3  
  177  22:21  Hydralisk  
  184  22:25  Baneling x3  
  184  22:45  Hydralisk x4  
  192  22:52  Drone  
  192  22:54  Spore Crawler x2  
  191  23:01  Hydralisk  
  190  23:14  Hydralisk  
  186  23:26  Hydralisk x2  
  187  23:33  Drone  
  188  23:36  Hatchery  
  188  23:37  Extractor x2  
  188  23:39  Drone x3  
  188  23:40  Drone x3  
  191  23:54  Greater Spire  
  191  23:56  Zergling x16  
  195  24:19  Spine Crawler x3  
  178  24:36  Hydralisk x3  
  178  24:37  Hydralisk x2  
  180  24:40  Overseer  
  180  24:43  Hydralisk  
  180  24:45  Zergling x4  
  180  24:47  Drone x3  
  180  24:49  Drone x2  
  184  24:53  Spore Crawler  
  184  24:56  Spine Crawler x2  
  184  24:57  Hydralisk x2  
  185  25:06  Hydralisk  
  186  25:13  Zergling x2  
  177  25:15  Drone  
  177  25:16  Extractor  
  177  25:17  Drone x3  
  174  25:21  Extractor  
  174  25:22  Drone x3  
  174  25:26  Hydralisk x2  
  180  25:42  Zergling x12  
  186  25:43  Zergling x16  
  180  26:00  Corruptor x2  
  180  26:03  Zergling x14  
  187  26:19  Corruptor  
  187  26:20  Corruptor  
  187  27:02  Pneumatized Carapace  
  187  27:07  Spore Crawler, Infestor x2  
  190  27:09  Spore Crawler  
  190  27:10  Spore Crawler x2  
  190  27:11  Spore Crawler, Brood Lord  
  190  27:13  Spore Crawler  
  187  27:18  Spore Crawler  
  174  27:34  Spore Crawler  
  174  27:35  Spore Crawler  
  174  27:36  Spore Crawler  
  159  27:39  Spore Crawler  
  159  27:43  Corruptor x2  
  153  27:44  Corruptor x2  
  157  27:56  Spore Crawler  
  156  27:59  Spore Crawler  
Tags
 
Add a new tag
Caveats
  • Supply blocks, unpowered buildings, or Contaminate may cause inaccurate times.
  • Supply counts are checked every 10 seconds.